 Dungeon Crawl Stone Soup version 0.19.0-2-gae57169 (webtiles) character file.

1914 emikaela the Basher (level 9, -5/98 HPs)
             Began as an Ogre Gladiator on Nov 7, 2016.
             Was an Initiate of Uskayaw.
             Slain by a hog (8 damage)
             ... on level 6 of the Dungeon.
             The game lasted 00:17:12 (6521 turns).

emikaela the Basher (Ogre Gladiator)                Turns: 6521, Time: 00:17:13

Health: -5/98      AC:  6    Str: 22    XL:     9   Next: 16%
Magic:  2/10       EV: 12    Int:  7    God:    Uskayaw [......]
Gold:   325        SH:  0    Dex: 13    Spells: 0 memorised, 8 levels left

rFire  . . .     SeeInvis .     a - +0 giant spiked club
rCold  . . .     Gourm    .     w - +0 robe
rNeg   . . .     Faith    .     (shield currently unavailable)
rPois  .         Spirit   .     c - +0 hat
rElec  .         Reflect  .     A - +0 cloak
rCorr  .         Harm     .     (gloves unavailable)
MR     .....                    (boots unavailable)
Stlth  +.........               r - amulet of regeneration
                                (no ring)
                                B - +2 ring of protection

@: no status effects
A: unfitting armour, tough skin 1
a: Renounce Religion


You were on level 6 of the Dungeon.
You worshipped Uskayaw.
Uskayaw was noncommittal.
You were hungry.

You visited 2 branches of the dungeon, and saw 8 of its levels.

You collected 325 gold pieces.

Inventory:

Hand Weapons
 a - a +0 giant spiked club (weapon)
 b - a +0 blowgun
Missiles
 d - a throwing net
 e - 152 stones (quivered)
 l - 8 javelins
 x - 34 poisoned needles
Armour
 c - a +0 hat (worn)
 w - a +0 robe (worn)
 A - a +0 cloak (worn)
Jewellery
 r - an amulet of regeneration (around neck)
 B - a +2 ring of protection (left hand)
Wands
 j - a wand of lightning (6/15)
 v - a wand of random effects (39/48)
Scrolls
 h - a scroll of noise
 k - a scroll of fog
 m - a scroll of amnesia {unknown}
 p - 2 scrolls of recharging
 s - 4 scrolls of magic mapping
 y - 3 scrolls of remove curse
 z - a scroll of blinking
 D - a scroll of teleportation
Potions
 n - 2 potions of magic
 q - a potion of curing
 t - a potion of might
 u - a potion of mutation
Books
 E - a book of Misfortune
 F - a book of Minor Magic
Comestibles
 f - 8 bread rations
 i - 3 slices of pizza
 o - 3 meat rations


   Skills:
 + Level 9.2 Fighting
 * Level 11.1 Maces & Flails
 - Level 2.0 Throwing
 + Level 5.0 Dodging
 + Level 1.5 Invocations


You had 8 spell levels left.
You didn't know any spells.

Dungeon Overview and Level Annotations

Branches:
Dungeon (7/15)             Temple (1/1) D:7

Altars:
Elyvilon
Gozag
Kikubaaqudgha
Qazlal
Uskayaw
Zin

Shops:
D:7 *

Annotations:
D:4 Galewind's ghost, novice DECj


Innate Abilities, Weirdness & Mutations

You are too large for most types of armour.
You have tough skin. (AC +1)


Message History

There is a stone staircase leading up here.
The hog bites you! x2; The hog misses you.
The hog bites you.
* * * LOW HITPOINT WARNING * * *
You climb upwards.
There is a stone staircase leading down here.
You stomp with the beat, sending a shockwave through the revelers around you!
The hog is moderately wounded.
The hog is severely wounded.
You feel somewhat more hungry.
You can no longer stomp with the beat.
The hog bites you.
* * * LOW HITPOINT WARNING * * *
The hog bites you.
* * * LOW HITPOINT WARNING * * *
You barely miss the hog.
The hog is severely wounded.
The hog bites you!
* * * LOW HITPOINT WARNING * * *
The hog barely misses you. The hog bites you!
You die...

..###########.....##.....# #..#
#.............###........# #..#
#......######## ###......# #..#
#.#....## #.###### #..##
#.#.....## #.#### #...#
#.#......# ####..(.#####.#†#
..#....#.#######.............#.#
.##.............h##......###.#.#
#######.........@...##...# #.#.#
.# #..<.....h###)##...# #.#.# .#
####........##..##...# #.#.# .#
##.........(.##..##...# #.#.#
.###..##........#.....##.# #.#.#
..................###.##.# #.#.#
......####...###.####....###...#
......# #...###)#...........####
......# #.........####.#.##.##..


You could see 2 hogs.

Vanquished Creatures
  A yak (D:7)
  A hog (D:7)
  A water moccasin (D:6)
  A sky beast (D:5)
  4 ogres
  2 centaurs
  A bullfrog (D:6)
  3 scorpions
  2 howler monkeys
  A crimson imp (D:5)
  A bullfrog zombie (D:5)
  3 hounds
  A jelly (D:5)
  2 centaur zombies (D:6)
  2 orc wizards
  An orc priest (D:3)
  A centaur skeleton (D:7)
  Terence (D:2)
  2 worker ants
  11 adders
  An ooze (D:2)
  An adder skeleton (D:6)
  4 worms
  2 dart slugs (D:3)
  3 leopard geckos
  11 orcs
  A ball python (D:3)
  5 bats
  6 giant cockroaches
  7 goblins
  7 hobgoblins
  8 jackals
  10 kobolds
  5 quokkas
  4 frilled lizards
  A jackal skeleton (D:4)
  A leopard gecko skeleton (D:4)
  8 rats
127 creatures vanquished.

Notes
Turn   | Place    | Note
-------+----------+-------------------------------------------
     0 | D:1      | emikaela the Ogre Gladiator began the quest for the Orb.
     0 | D:1      | Reached XP level 1. HP: 22/22 MP: 1/1
   514 | D:1      | Reached XP level 2. HP: 29/29 MP: 2/2
  1315 | D:2      | Reached skill level 5 in Maces & Flails
  1463 | D:2      | Reached XP level 3. HP: 34/37 MP: 3/3
  2243 | D:2      | Reached XP level 4. HP: 32/48 MP: 4/4
  2283 | D:2      | Noticed Terence
  2291 | D:2      | Killed Terence
  2620 | D:3      | Reached skill level 6 in Maces & Flails
  2850 | D:3      | Reached XP level 5. HP: 55/55 MP: 5/5
  2975 | D:3      | Noticed an ogre
  2992 | D:3      | Killed an ogre
  2992 | D:3      | Reached skill level 5 in Fighting
  2992 | D:3      | Reached skill level 7 in Maces & Flails
  3000 | D:3      | Reached XP level 6. HP: 58/66 MP: 6/6
  3951 | D:4      | Reached skill level 8 in Maces & Flails
  3951 | D:4      | Reached XP level 7. HP: 47/76 MP: 7/7
  4429 | D:4      | Noticed Galewind's ghost (novice DECj)
  4434 | D:5      | Entered Level 5 of the Dungeon
  4838 | D:5      | Reached skill level 9 in Maces & Flails
  4857 | D:5      | Reached XP level 8. HP: 75/88 MP: 8/8
  5390 | D:6      | Reached skill level 10 in Maces & Flails
  6101 | D:7      | Found Gozag's Platinum Reserve.
  6184 | D:7      | Found an opulent altar of Gozag.
  6284 | D:7      | Found a staircase to the Ecumenical Temple.
  6290 | Temple   | Entered the Ecumenical Temple
  6296 | Temple   | Became a worshipper of Uskayaw the Reveler
  6313 | D:7      | Reached * piety under Uskayaw
  6457 | D:7      | Noticed a yak
  6473 | D:7      | Reached skill level 1 in Invocations
  6473 | D:7      | Reached XP level 9. HP: 71/98 MP: 9/9
  6473 | D:7      | Reached ** piety under Uskayaw
  6477 | D:7      | Reached skill level 11 in Maces & Flails
  6477 | D:7      | Reached skill level 5 in Dodging
  6521 | D:6      | HP: 3/98 [hog (14)]
  6521 | D:6      | Slain by a hog

Skill      XL: |  1  2  3  4  5  6  7  8  9 |
---------------+----------------------------+-----
Fighting       | 3 4 5 6 7 9 |  9.2
Maces & Flails | 5 6 7 8 9 10 11 | 11.1
Dodging        | 3 4 5 |  5.0
Invocations    | 1 |  1.5
Throwing       | |  2.0

Action                   |  1- 3 |  4- 6 |  7- 9 || total
-------------------------+-------+-------+-------++-------
Melee: Flail             |   100 |    75 |       ||   175
       Giant spiked club |       |    65 |   140 ||   205
 Fire: Blowgun           |       |     6 |    27 ||    33
Throw: Throwing net      |       |     3 |       ||     3
Invok: Stomp             |       |       |     4 ||     4
  Use: Scroll            |     2 |     8 |     4 ||    14
       Potion            |       |       |     2 ||     2
 Stab: Sleeping          |     4 |     3 |       ||     7
       Held in net/web   |       |     1 |       ||     1
  Eat: Chunk             |     4 |     6 |     8 ||    18
Armor: Robe              |    26 |    59 |    27 ||   112
Dodge: Dodged            |    53 |    89 |   112 ||   254
